 Dungeon Crawl Stone Soup version 0.19-b1-3-g7dea586 (webtiles) character file.

126065 syranez the Severer (level 16, -9/147 HPs)
             Began as a Mottled Draconian Berserker on Oct 29, 2016.
             Was the Champion of Trog.
             Mangled by a ghoul (20 damage)
             ... on level 13 of the Dungeon.
             The game lasted 01:17:50 (26127 turns).

syranez the Severer (Mottled Draconian Berserker)  Turns: 26127, Time: 01:17:50

Health: -9/147     AC: 22    Str: 18    XL:     16   Next: 43%
Magic:  16/16      EV: 18    Int: 18    God:    Trog [******]
Gold:   1203       SH:  0    Dex: 14    Spells: 0 memorised, 15 levels left

rFire  . . .     SeeInvis .     d - +4 battleaxe (elec)
rCold  . . .     Gourm    .     (armour unavailable)
rNeg   . . .     Faith    +     (shield currently unavailable)
rPois  +         Spirit   .     s - +2 hat {Int+3}
rElec  .         Reflect  .     N - +1 cloak {+Inv}
rCorr  .         Harm     .     Y - +2 pair of gloves
MR     +....     Clarity  +     (no boots)
Stlth  ++++......               J - amulet of faith
                                t - +6 ring of protection
                                K - ring of poison resistance

@: exhausted, about to teleport, very slightly contaminated, slowed, very slow
A: breathe sticky flame splash, unfitting armour, stinger 1, blink, clarity,
clever 2, screaming 1, weak 1, cold-blooded, MP-powered wands, AC +9
a: Breathe Sticky Flame, Blink, Berserk, Trog's Hand, Brothers in Arms, Burn
Spellbooks, Renounce Religion, Evoke Invisibility


You were on level 13 of the Dungeon.
You worshipped Trog.
Trog was exalted by your worship.
You were very hungry.

You visited 2 branches of the dungeon, and saw 20 of its levels.
You also visited: Labyrinth, Sewer, Bailey and Ice Cave.

You collected 1203 gold pieces.

Inventory:

Hand Weapons
 d - a +4 battleaxe of electrocution (weapon)
 v - a +4 broad axe of venom
 B - a +2 war axe of flaming
 M - a +4 executioner's axe of electrocution
 X - a +2 antimagic broad axe
Missiles
 I - 3 javelins of penetration (quivered)
 V - 8 javelins
 Z - 7 tomahawks
Armour
 m - a +1 buckler of positive energy
 r - a +2 cloak
 s - a +2 hat of intelligence (worn)
 N - a +1 cloak of invisibility (worn)
 Y - a +2 pair of gloves (worn)
Jewellery
 c - an uncursed ring of protection from cold
 t - a +6 ring of protection (right hand)
 y - an uncursed ring of protection from cold
 C - an uncursed ring of resist corrosion
 J - an amulet of faith (around neck)
 K - a ring of poison resistance (left hand)
 O - an uncursed ring of see invisible {unknown}
Wands
 n - a wand of disintegration (19/24)
 L - a wand of digging (18/24)
 S - a wand of polymorph (9/24)
Scrolls
 k - 3 scrolls of recharging
 l - 2 scrolls of immolation
 p - 3 scrolls of magic mapping
 E - 5 scrolls of teleportation
 F - 3 scrolls of fear
 G - 13 scrolls of remove curse
 R - 6 scrolls of identify
Potions
 a - a potion of berserk rage
 i - 3 potions of lignification
 j - 12 potions of curing
 o - a potion of haste {unknown}
 q - a potion of flight
 w - 6 potions of agility
 x - 2 potions of heal wounds
 A - 4 potions of resistance
 H - 2 potions of cancellation
 Q - 2 potions of might
 W - 2 potions of brilliance
Miscellaneous
 e - a box of beasts
 z - a phial of floods
 T - a phantom mirror
Comestibles
 b - 25 bread rations
 f - 7 meat rations
 g - 14 royal jellies
 h - 18 fruits
 D - 2 slices of pizza
 U - 14 chunks of flesh


   Skills:
 + Level 14.6 Fighting
   Level 0.6 Long Blades
 + Level 19.0 Axes
 * Level 8.6 Throwing
 + Level 10.0 Dodging
 + Level 7.4 Stealth


You had 15 spell levels left.
You didn't know any spells.

Dungeon Overview and Level Annotations

Branches:
Dungeon (14/15)            Temple (0/1) D:4            Lair (6/6) D:11
 Shoals (0/4) Lair:4       Spider (0/4) Lair:2        Slime (0/5) Lair:5
    Orc (0/2) D:12         Vaults (0/5) D:14

Altars:
Dithmenos
Fedhas
Gozag
Hepliaklqana
Kikubaaqudgha
Nemelex Xobeh
Okawaru
Qazlal
Ru
Sif Muna
Trog
Uskayaw
Xom
Zin
The Shining One

Shops:
D:9 *


Innate Abilities, Weirdness & Mutations

You can spit globs of burning liquid.
You can ignite nearby creatures when you spit burning liquid.
Your weird mottled scales are hard. (AC +9)
You cannot fit into any form of body armour.
You are cold-blooded and may be slowed by cold attacks.
Your tail ends in a poisonous barb.
You can translocate small distances at will.
You possess an exceptional clarity of mind.
Your mind is very acute. (Int +4)
You occasionally shout uncontrollably at your foes.
You are weak. (Str -2)
You expend magic power (3 MP) to strengthen your wands.


Message History

There is a stone staircase leading up here.
The ghoul claws you!
* * * LOW HITPOINT WARNING * * *
The ghoul completely misses you. The ghoul closely misses you.
The ghoul barely misses you.
You climb upwards.
There is a stone staircase leading down here.
You slice the ghoul!! You tail-slap the ghoul.
The ghoul is lightly damaged.
The ghoul misses you. The ghoul barely misses you.
You slash the ghoul!
The ghoul is moderately damaged.
The ghoul claws you!
* * * LOW HITPOINT WARNING * * *
The ghoul claws you but does no damage.
As you read the scroll of teleportation, it crumbles to dust.
You feel strangely unstable. The ghoul barely misses you. The ghoul claws you!!
* * * LOW HITPOINT WARNING * * *
The ghoul claws you!!
You die...

....#...##'########+#.......#....
...>#...........#...'...<...'....
....#...........#...#.......####+
....#...........#...#............
....#.#####'#####...#............
#####.####...######'#####)##.....
...........................'.....
...........................#.....
................@..........#.....
...............n...........#.....
###...#####'################.....
###...##....###.....#............
#...........'.......#............
'...........#.......#............
#...........#.......#............
####..##.##.##....###............
#####'##.##+##'####.........#####


You could see a ghoul.

Vanquished Creatures
  Gastronok (Lair:1)
  Kirke (D:13)
  2 ghouls (D:14)
  A merfolk impaler (Lair:4)
  A minotaur (Lab)
  Josephine (D:10)
  Fannar (D:11)
  2 vault guards (D:14)
  4 hydras
  Harold (D:10)
  3 death yaks (Lair:6)
  2 tengu warriors
  9 skeletal warriors
  A deep elf archer (D:14)
  The ghost of appiemonkey the Fighter, a novice GrFi of Okawaru (D:9)
  2 wizards (D:14)
  3 unseen horrors
  Pikel (D:4)
  The ghost of Snowbleach the Chopper, a novice MiBe of Trog (D:4)
  3 necromancers
  The ghost of slayr the Covert, a novice NaCK of Xom (D:7)
  8 ugly things
  An orc knight (Bailey)
  A cyclops (D:12)
  3 elephants (Lair:4)
  4 ice statues (IceCv)
  7 centaur zombies
  Joseph (Lair:1)
  4 black mambas
  A gargoyle (D:10)
  Psyche (D:9)
  14 spiny frogs
  A yaktaur (D:11)
  3 rime drakes
  5 komodo dragons
  An efreet (D:11)
  3 ice devils (IceCv)
  A queen bee (Lair:1)
  A harpy zombie (D:14)
  4 polar bears (Lair:6)
  5 trolls
  4 hornets (Lair:6)
  2 two-headed ogres
  13 blink frogs
  7 slime creatures
  A meliai zombie (D:14)
  6 dream sheep (Lair:4)
  9 hippogriffs
  A shadow (D:12)
  39 yaks
  15 spriggans
  3 hogs (D:13)
  7 wraiths
  4 basilisks
  2 wyverns
  A hog (shapeshifter) (D:11)
  18 humans (D:14)
  2 hungry ghosts (D:8)
  3 vampire mosquitoes (D:10)
  2 mottled dragons
  Menkaure (D:4)
  Edmund (D:4)
  A soldier ant (D:14)
  A soldier ant (shapeshifter) (D:9)
  9 water moccasins
  4 porcupines
  7 black bears
  7 ice beasts
  A slave (D:4)
  16 orc warriors
  A black bear (shapeshifter) (D:14)
  A necrophage (D:7)
  3 sky beasts
  33 wolves
  5 centaurs
  5 ogres
  3 boggarts (Lair:6)
  10 crocodiles
  A crocodile (shapeshifter) (D:14)
  14 bullfrogs
  5 big kobolds
  A wyvern zombie (D:14)
  A wyvern skeleton (D:8)
  3 scorpions
  32 killer bees
  11 wights
  4 howler monkeys
  3 electric eels
  6 crimson imps
  3 draconian simulacra (IceCv)
  A quasit (D:9)
  A bullfrog zombie (D:9)
  6 centaur skeletons
  11 hounds
  5 jellies
  Crazy Yiuf (D:3)
  12 orc priests
  3 bullfrog skeletons
  18 orc wizards
  2 iguanas
  4 hell rats (Lair:6)
  10 worker ants
  3 troll simulacra (IceCv)
  A spriggan simulacrum (IceCv)
  A killer bee zombie (D:9)
  2 centaur simulacra (IceCv)
  A hound skeleton (D:6)
  2 mummies (D:14)
  A worker ant zombie (D:11)
  Robin (D:2)
  9 adders
  A naga simulacrum (IceCv)
  7 river rats (Sewer)
  A shadow imp (D:13)
  An ooze (Sewer)
  An adder zombie (D:5)
  3 worms
  A dart slug (D:1)
  3 leopard geckos
  56 orcs
  9 giant cockroaches
  19 goblins
  9 hobgoblins
  14 jackals
  3 quokkas
  8 ball pythons
  9 bats
  2 frilled lizards
  A jackal skeleton (D:8)
  31 kobolds
  A quokka zombie (D:9)
  24 rats
  3 fungi
  A plant (Lair:6)
746 creatures vanquished.

Vanquished Creatures (collateral kills)
  An azure jelly (Lair:5)
  Erica (Lair:1)
  A skeletal warrior (D:13)
  A crocodile (Lair:5)
  4 killer bees (Lair:1)
  2 orcs (Bailey)
10 creatures vanquished.

Vanquished Creatures (others)
  A slave (D:4)
  An orc wizard (D:4)
  3 orcs
  2 jackals (D:4)
  11 fungi
  10 plants
28 creatures vanquished.

Grand Total: 784 creatures vanquished

Notes
Turn   | Place    | Note
-------+----------+-------------------------------------------
     0 | D:1      | syranez the Draconian Berserker began the quest for the Orb.
     0 | D:1      | Reached XP level 1. HP: 19/19 MP: 1/1
   310 | D:1      | Reached XP level 2. HP: 26/26 MP: 2/2
  1009 | D:2      | Reached XP level 3. HP: 31/33 MP: 3/3
  1026 | D:2      | Noticed Robin
  1032 | D:2      | Reached ** piety under Trog
  1042 | D:2      | Killed Robin
  1354 | D:2      | Reached skill level 4 in Axes
  1462 | D:2      | Reached XP level 4. HP: 17/40 MP: 4/4
  2212 | D:3      | Found a stormy altar of Qazlal.
  2214 | D:3      | Noticed a water elemental
  2215 | D:3      | Noticed an air elemental
  2215 | D:3      | Noticed a fire elemental
  2215 | D:3      | Noticed an earth elemental
  2219 | D:3      | Found an iron altar of Okawaru.
  2228 | D:3      | Reached *** piety under Trog
  2259 | D:3      | Reached XP level 5. HP: 46/46 MP: 5/5
  2333 | D:3      | Reached skill level 1 in Throwing
  2774 | D:3      | Found a runed door.
  2778 | D:3      | Noticed Crazy Yiuf
  2781 | D:3      | Killed Crazy Yiuf
  2781 | D:3      | Reached skill level 5 in Axes
  2781 | D:3      | Reached skill level 1 in Stealth
  2929 | D:4      | Found a staircase to the Ecumenical Temple.
  2938 | D:4      | Noticed Menkaure
  2952 | D:4      | Killed Menkaure
  2952 | D:4      | Reached XP level 6. HP: 23/53 MP: 6/6
  3179 | D:4      | Noticed Pikel
  3180 | D:4      | Noticed a slave
  3180 | D:4      | Noticed a slave
  3180 | D:4      | Noticed a slave
  3181 | D:4      | Noticed a slave
  3187 | D:4      | Noticed Edmund
  3189 | D:4      | Killed a slave
  3190 | D:4      | Killed Pikel
  3190 | D:4      | Reached skill level 5 in Fighting
  3190 | D:4      | Reached skill level 7 in Axes
  3190 | D:4      | Your scales start taking on a weird mottled colour.
  3190 | D:4      | Reached XP level 7. HP: 51/61 MP: 7/7
  3197 | D:4      | Killed Edmund
  3255 | D:4      | Noticed Snowbleach's ghost (novice MiBe)
  3262 | D:4      | Killed Snowbleach's ghost
  3262 | D:4      | Reached skill level 8 in Axes
  3262 | D:4      | Reached XP level 8. HP: 59/70 MP: 8/8
  3559 | D:4      | Found a blossoming altar of Fedhas.
  3732 | D:5      | Entered Level 5 of the Dungeon
  3869 | D:5      | Found an opulent altar of Gozag.
  3938 | D:5      | Reached skill level 9 in Axes
  3938 | D:5      | Reached **** piety under Trog
  4001 | D:5      | Found a glowing drain.
  4044 | Sewer    | Entered a sewer
  4299 | Sewer    | Reached XP level 9. HP: 76/78 MP: 9/9
  4394 | Sewer    | Reached ***** piety under Trog
  4894 | D:6      | Reached skill level 5 in Dodging
  5146 | D:6      | Reached skill level 10 in Axes
  5473 | D:7      | Found a hazy altar of Hepliaklqana.
  5540 | D:7      | Noticed slayr's ghost (novice NaCK)
  5550 | D:7      | Killed slayr's ghost
  5625 | D:7      | Noticed an eight-headed hydra
  5634 | D:7      | Killed a 12-headed hydra
  5634 | D:7      | Reached XP level 10. HP: 37/88 MP: 10/10
  6004 | D:7      | Found a glowing silver altar of Zin.
  6057 | D:7      | Gained mutation: You tend to lose your temper in combat. [mutagenic meat]
  6058 | D:7      | Lost mutation: You tend to lose your temper in combat. [mutagenic meat]
  6059 | D:7      | Gained mutation: You tend to lose your temper in combat. [mutagenic meat]
  6060 | D:7      | Gained mutation: You are somewhat resistant to further mutation. [mutagenic meat]
  6143 | D:7      | Reached skill level 11 in Axes
  6241 | D:7      | Lost mutation: You are somewhat resistant to further mutation. [potion of cure mutation]
  6241 | D:7      | Lost mutation: You tend to lose your temper in combat. [potion of cure mutation]
  6801 | D:8      | Received a gift from Trog
  7110 | D:8      | Found an ancient bone altar of Kikubaaqudgha.
  7114 | D:8      | Found a glowing golden altar of the Shining One.
  7190 | D:8      | Found a shadowy altar of Dithmenos.
  7296 | D:9      | Found a flagged portal.
  7305 | Bailey   | Entered a bailey
  8242 | Bailey   | Reached skill level 12 in Axes
  8253 | Bailey   | Found a roughly hewn altar of Beogh.
  8253 | Bailey   | Noticed an orc knight
  8270 | Bailey   | Killed an orc knight
  8556 | D:9      | Found a hide-covered altar of Uskayaw.
  8562 | D:9      | Found a sacrificial altar of Ru.
  8564 | D:9      | Found a shadowy altar of Dithmenos.
  8607 | D:9      | Found Ynguis's Assorted Antiques.
  8612 | D:9      | Noticed Psyche
  8619 | D:9      | Killed Psyche
  8625 | D:9      | Reached XP level 11. HP: 95/95 MP: 11/11
  8644 | D:9      | Noticed appiemonkey's ghost (novice GrFi)
  8722 | D:9      | Killed appiemonkey's ghost
  8802 | D:9      | Gained mutation: Your mind is acute. (Int +2) [mutagenic meat]
  8803 | D:9      | Gained mutation: Your magical capacity is low. (-10% MP) [mutagenic meat]
  8804 | D:9      | Gained mutation: Scrolls take you a little longer to read. [mutagenic meat]
  8805 | D:9      | Gained mutation: You have a pair of small horns on your head. [mutagenic meat]
  8806 | D:9      | Gained mutation: You have very sharp teeth. [mutagenic meat]
  8848 | D:9      | Found a sparkling altar of Nemelex Xobeh.
  8980 | D:9      | Found a bloodstained altar of Trog.
  8995 | D:9      | Reached skill level 5 in Stealth
  9117 | D:9      | Received a gift from Trog
  9164 | D:9      | Lost mutation: Your magical capacity is low. (-10% MP) [mutagenic meat]
  9548 | D:10     | Entered Level 10 of the Dungeon
  9609 | D:10     | Noticed Harold
  9623 | D:10     | Killed Harold
  9679 | D:10     | Reached skill level 13 in Axes
  9890 | D:10     | Noticed Josephine
  9902 | D:10     | Killed Josephine
 10022 | D:10     | Reached skill level 5 in Throwing
 10318 | D:10     | Found a deep blue altar of Sif Muna.
 10420 | D:10     | Reached skill level 10 in Fighting
 10723 | D:10     | Reached ****** piety under Trog
 11138 | D:11     | Found a staircase to the Lair.
 11142 | D:11     | Noticed a cyan ugly thing
 11150 | D:11     | Reached XP level 12. HP: 85/106 MP: 12/12
 11390 | D:11     | Gained mutation: You are frail. (-10% HP) [mutagenic meat]
 11615 | D:11     | Received a gift from Trog
 11664 | D:11     | Lost mutation: You are frail. (-10% HP) [potion of cure mutation]
 11664 | D:11     | Lost mutation: You have very sharp teeth. [potion of cure mutation]
 11664 | D:11     | Lost mutation: You have a pair of small horns on your head. [potion of cure mutation]
 11664 | D:11     | Lost mutation: Scrolls take you a little longer to read. [potion of cure mutation]
 11860 | D:11     | Noticed Fannar
 11876 | D:11     | Killed Fannar
 12184 | Lair:1   | Entered Level 1 of the Lair of Beasts
 12208 | Lair:1   | Noticed Erica
 12226 | Lair:1   | Killed Erica
 12513 | Lair:1   | Reached skill level 14 in Axes
 12572 | Lair:1   | Reached skill level 15 in Axes
 12572 | Lair:1   | Reached XP level 13. HP: 92/114 MP: 13/13
 12660 | Lair:1   | Noticed Joseph
 12672 | Lair:1   | Killed Joseph
 12921 | Lair:1   | Noticed Gastronok
 12930 | Lair:1   | Killed Gastronok
 13088 | Lair:1   | Reached skill level 16 in Axes
 13607 | Lair:2   | Found a hole to the Spider Nest.
 13619 | Lair:2   | Found a labyrinth entrance.
 13635 | Lab      | Entered a labyrinth
 13786 | Lab      | Noticed a minotaur
 13791 | Lab      | Killed a minotaur
 13814 | Lab      | Identified Sif Muna's Collected Works on Shape Shifting
 13826 | Lab      | Received a gift from Trog
 13974 | Lair:2   | Found a frozen archway.
 13981 | IceCv    | Entered an ice cave
 15247 | Lair:2   | Gained mutation: You are weak. (Str -2) [potion of mutation]
 15247 | Lair:2   | Gained mutation: You can translocate small distances at will. [potion of mutation]
 15248 | Lair:2   | Gained mutation: Your mind is very acute. (Int +4) [potion of mutation]
 15248 | Lair:2   | Gained mutation: You expend magic power (3 MP) to strengthen your wands. [potion of mutation]
 15253 | Lair:2   | Gained mutation: You possess an exceptional clarity of mind. [potion of mutation]
 15254 | Lair:2   | Reached XP level 14. HP: 127/127 MP: 14/14
 16301 | Lair:3   | Reached skill level 17 in Axes
 17805 | Lair:4   | Received a gift from Trog
 17805 | Lair:4   | Reached XP level 15. HP: 86/134 MP: 15/15
 18599 | Lair:4   | Found a staircase to the Shoals.
 19168 | Lair:5   | Found a staircase to the Slime Pits.
 19522 | Lair:5   | Noticed an azure jelly
 19528 | Lair:5   | Killed an azure jelly
 19963 | Lair:6   | Entered Level 6 of the Lair of Beasts
 20301 | Lair:6   | Received a gift from Trog
 20908 | Lair:6   | Paralysed by a hornet for 3 turns
 21165 | Lair:6   | Gained mutation: Your flesh is cold resistant. (rC+) [potion of mutation]
 21165 | Lair:6   | Gained mutation: You occasionally shout uncontrollably at your foes. [potion of mutation]
 21165 | Lair:6   | Gained mutation: Your tail ends in a poisonous barb. [potion of mutation]
 21486 | Lair:6   | Reached skill level 18 in Axes
 21690 | Lair:6   | Found a glowing golden altar of the Shining One.
 22423 | D:11     | Received a gift from Trog
 23072 | D:12     | Found a staircase to the Orcish Mines.
 23968 | D:13     | Received a gift from Trog
 24438 | D:13     | Noticed Kirke
 24450 | D:13     | Killed Kirke
 24450 | D:13     | Reached XP level 16. HP: 146/146 MP: 16/16
 24564 | D:13     | Found a shimmering altar of Xom.
 24565 | D:13     | Found a shimmering altar of Xom.
 24565 | D:13     | Found a shimmering altar of Xom.
 24566 | D:13     | Found a shimmering altar of Xom.
 24566 | D:13     | Found a shimmering altar of Xom.
 24567 | D:13     | Found a shimmering altar of Xom.
 25255 | D:14     | Received a gift from Trog
 25284 | D:14     | Lost mutation: Your flesh is cold resistant. (rC+) [mutagenic meat]
 25285 | D:14     | Gained mutation: Your body sometimes deteriorates upon taking damage. [mutagenic meat]
 25286 | D:14     | Lost mutation: Your body sometimes deteriorates upon taking damage. [mutagenic meat]
 25766 | D:14     | Received a gift from Trog
 25866 | D:14     | Found a gate to the Vaults.
 25876 | D:14     | Reached skill level 10 in Dodging
 26101 | D:14     | Reached skill level 19 in Axes
 26127 | D:13     | Mangled by a ghoul

Skill      XL: |  1  2  3  4  5  6  7  8  9 10 11 12 13 14 15 16 |
---------------+-------------------------------------------------+-----
Dodging        | 3 4 5 6 7 8 9 10 | 10.0
Fighting       | 4 5 6 7 8 10 12 14 | 14.6
Axes           | 4 5 7 8 9 10 12 13 15 16 17 18 19 | 19.0
Throwing       | 1 2 3 4 5 7 8 |  8.6
Stealth        | 1 2 3 4 5 6 7 |  7.4
Long Blades    | |  0.6

Action                   |  1- 3 |  4- 6 |  7- 9 | 10-12 | 13-15 | 16-18 || total
-------------------------+-------+-------+-------+-------+-------+-------++-------
Melee: Hand axe          |   114 |    40 |       |       |       |       ||   154
       Tailslap          |    18 |     5 |    27 |    54 |   148 |    30 ||   282
       War axe           |       |    46 |   215 |   473 |       |       ||   734
       Headbutt          |       |       |       |    37 |       |       ||    37
       Bite              |       |       |       |    20 |       |       ||    20
       Broad axe         |       |       |       |    88 |   756 |       ||   844
       Scimitar          |       |       |       |       |     9 |     2 ||    11
       Battleaxe         |       |       |       |       |   172 |   220 ||   392
Throw: Stone             |    15 |     4 |       |       |       |       ||    19
       Tomahawk          |       |     4 |    31 |    47 |    78 |     8 ||   168
Invok: Berserk           |     2 |     4 |     3 |    11 |     7 |     3 ||    30
       Burn Spellbooks   |       |     1 |       |     2 |     1 |       ||     4
       Brothers in Arms  |       |       |       |     3 |     2 |       ||     5
  Use: Scroll            |       |     1 |     1 |    13 |    20 |     2 ||    37
       Potion            |       |       |       |    16 |     7 |     1 ||    24
 Stab: Sleeping          |       |     2 |     3 |    11 |    26 |     4 ||    46
       Distracted        |       |       |       |       |     1 |       ||     1
  Eat: Chunk             |     4 |     7 |    10 |    42 |    31 |     8 ||   102
       Pizza             |       |       |     1 |       |     2 |     1 ||     4
       Meat ration       |       |       |       |     2 |     1 |       ||     3
       Beef jerky        |       |       |       |     1 |     1 |     1 ||     3
       Fruit             |       |       |       |       |     8 |     1 ||     9
Armor: Skin              |    28 |    23 |    95 |   185 |   313 |    69 ||   713
Dodge: Dodged            |    80 |    64 |   187 |   454 |   611 |   131 ||  1527
       Rpst.: Scimitar   |       |       |       |       |     3 |     1 ||     4
